 Dungeon Crawl Stone Soup version 0.31-a0-344-gd109795599 (webtiles) character file.

Game seed: 2860182850433524371

204 senseless the Changeling (level 5, -3/41 HPs)
             Began as a Merfolk Shapeshifter on July 21, 2023.
             Constricted to death by Ijyb (6 damage)
             ... on level 3 of the Dungeon.
             The game lasted 00:03:33 (2045 turns).

senseless the Changeling (Merfolk Shapeshifter)     Turns: 2045, Time: 00:03:36

Health: -3/41      AC:  3    Str: 13 (15) XL:     5   Next: 82%
Magic:  5/5        EV: 11    Int:  6 (7)  God:
Gold:   92         SH:  0    Dex: 15 (17) Spells: 4/4 levels left

rFire   . .          .
                       - Unarmed
rCold   . . .        (no shield)
rNeg    . . .        a - +1 animal skin
rPois   .            (helmet currently unavailable)
rElec   .            (cloak currently unavailable)
rCorr   .            (gloves currently unavailable)
SInv    .            (boots currently unavailable)
Will    .....        (no amulet)
Stlth   +            (no ring)
HPRegen 0.26/turn    (no ring)
MPRegen 0.09/turn

%: no passive effects
@: beast-form, grasped by roots, constricted
A: beast (slay +3), (nimble swimmer 2), mertail
a: Begin Untransformation


You were on level 3 of the Dungeon.
You were a hulking beast.
You visited 1 branch of the dungeon, and saw 3 of its levels.

You collected 92 gold pieces.

Inventory:

Armour
 a - a +1 animal skin (worn)
Talismans
 c - a beast talisman
Scrolls
 f - a scroll of teleportation
 l - a scroll of immolation
Potions
 b - a potion of lignification
 i - a potion of curing {unknown}


   Skills:
 + Level 3.1 Fighting
 + Level 4.4 Dodging
 + Level 4.4 Unarmed Combat
 + Level 5.0 Shapeshifting


You had 4 spell levels left.
You didn't know any spells.
Your spell library contained the following spells:

 Spells                   Type           Power      Damage    Failure   Level
 Summon Ice Beast         Ice/Summ       0%         N/A       99%         4
 Summon Mana Viper        Hex/Summ       0%         N/A       100%        5
 Monstrous Menagerie      Summ           0%         N/A       100%        7


Dungeon Overview and Level Annotations

Branches:
Dungeon (3/15)

Altars:

Annotations:
D:3 Ijyb


Innate Abilities, Weirdness & Mutations

You are a hulking beast.
Your limbs bulge with bestial killing power. (Slay +3)
((You are very nimble when in or above water. (Stealth+, EV+, Speed+++)))
Your lower body shifts to a powerful aquatic tail in water.


Message History

Ijyb is moderately wounded.
Ijyb zaps a wand.
The roots erupt in riotous growth!
The grasping roots grab you!
Ijyb is unaffected.
The grasping roots constrict you.
A rat comes into view.
You closely miss Ijyb.
Ijyb is moderately wounded.
Ijyb barely misses you. The grasping roots constrict you.
You hit Ijyb.
Ijyb is heavily wounded.
Ijyb hits you with a +0 dagger. The grasping roots constrict you!
You are too injured to fight recklessly!
You are too injured to fight recklessly!
You closely miss Ijyb.
Ijyb is heavily wounded.
Ijyb barely misses you. The grasping roots constrict you.
You hit Ijyb.
Ijyb is heavily wounded.
Ijyb hits you with a +0 dagger.
* * * LOW HITPOINT WARNING * * *
The grasping roots constrict you.
* * * LOW HITPOINT WARNING * * *
The grasping roots release their grip on you.
You hit Ijyb.
Ijyb is severely wounded.
Ijyb misses you.
You hit Ijyb.
Ijyb is almost dead.
Ijyb zaps a wand.
The roots erupt in riotous growth!
The grasping roots grab you!
Ijyb is unaffected.
The grasping roots constrict you.
* * * LOW HITPOINT WARNING * * *
It was a potion of degeneration.
There was something very wrong with that liquid.
You feel weakened.
You feel dopey.
You feel clumsy.
Ijyb screams, "Die!"
Ijyb hits you with a +0 dagger.
* * * LOW HITPOINT WARNING * * *
The grasping roots constrict you.
You die...

#.# #.# #.#
#.# #.# #.#
#.#
#.##########.#
#...rgh......#
##..########.#
# #... #.###
#.# #.# #.#
#..


You could see Ijyb and a rat.

Vanquished Creatures
  Sigmund (D:2)
  3 dart slugs
  6 ball pythons
  5 bats
  2 endoplasms
  4 giant cockroaches
  A hobgoblin (D:1)
  4 kobolds
  3 quokkas
  A frilled lizard (D:2)
  4 goblins
  3 rats (D:1)
37 creatures vanquished.

Notes
Turn   | Place    | Note
-------+----------+-------------------------------------------
     0 | D:1      | senseless the Merfolk Shapeshifter began the quest for the
                  | Orb.
     0 | D:1      | Reached XP level 1. HP: 15/15 MP: 1/1
   142 | D:1      | Reached XP level 2. HP: 16/21 MP: 2/2
   791 | D:1      | Reached XP level 3. HP: 26/27 MP: 3/3
  1242 | D:2      | Noticed Sigmund
  1252 | D:2      | Killed Sigmund
  1253 | D:2      | Reached skill level 5 in Shapeshifting
  1253 | D:2      | Reached XP level 4. HP: 27/35 MP: 4/4
  1253 | D:2      | Reached XP level 5. HP: 32/41 MP: 5/5
  2031 | D:3      | Noticed Ijyb
  2045 | D:3      | Constricted to death by Ijyb

Illustrated notes

Levels and vault maps discovered:
D:1:      nicolae_arrival_memento_mori, layout_basic, minmay_octomino_j4
D:2:      layout_loops_ring, uniq_sigmund
D:3:      layout_loops_ring, gammafunk_ghost_necromancy, basic_ecumenical_altar,
          uniq_ijyb

Skill      XL: |  1  2  3 |
---------------+----------+-----
Dodging        | 3 4 |  4.4
Fighting       | 3 |  3.1
Unarmed Combat | 4 |  4.4
Shapeshifting  | 5 |  5.0

Action                     |  1- 3 |  4- 6 || total
---------------------------+-------+-------++-------
  Melee: Unarmed           |    57 |    33 ||    90
         Punch             |     2 |     1 ||     3
    Use: Scroll            |       |     7 ||     7
         Potion            |       |     1 ||     1
   Stab: Sleeping          |     3 |     4 ||     7
 Armour: Animal skin       |     8 |     2 ||    10
  Dodge: Dodged            |    42 |    21 ||    63

Table legend: (Time is in decaauts)
 A = Elapsed time spent in this place.
 B = Non-inter-level travel time spent in this place.
 C = Inter-level travel time spent in this place.
 D = Time resting spent in this place.
 E = Time spent auto-exploring this place.
 F = Levels seen in this place.
 G = Mean time per level.
                   A        B        C        D        E       F      G
               +--------+--------+--------+--------+--------+-----+--------+
         Total |   2039 |   1934 |    105 |     36 |   1669 |   3 |  679.7 |
       Dungeon |   2039 |   1934 |    105 |     36 |   1669 |   3 |  679.7 |
               +--------+--------+--------+--------+--------+-----+--------+

Top non-repeatable levels by time:
     D:1: 1202 daAuts
     D:2: 808 daAuts
     D:3: 28 daAuts
